 Dungeon Crawl Stone Soup version 0.18.1-5-g4a78601 (webtiles) character file.

28 jacquesderrida the Poker (level 3, 8/27 HPs)
             Began as a Demonspawn Skald on May 14, 2016.
             Quit the game on level 2 of the Dungeon.
             The game lasted 00:00:52 (477 turns).

jacquesderrida the Poker (Demonspawn Skald)          Turns: 477, Time: 00:00:53

Health: 8/27       AC:  4    Str: 12    XL:     3   Next: 0%
Magic:  6/6        EV: 13    Int: 13    God:
Gold:   20         SH:  0    Dex: 13    Spells: 1 memorised, 5 levels left

rFire  . . .     SeeInvis .     a - +0 spear
rCold  . . .     Gourm    .     b - +0 leather armour
rNeg   . . .     Faith    .     (no shield)
rPois  .         Spirit   .     (no helmet)
rElec  .         Dismiss  .     (no cloak)
rCorr  .         Reflect  .     (no gloves)
SustAt .         Harm     .     (no boots)
MR     .....                    (no amulet)
Stlth  +.........               (no ring)
                                h - +1 ring of protection

@: not resistant to hostile enchantments, very unstealthy
A: repulsion field 1
a: no special abilities


You were on level 2 of the Dungeon.
You were not hungry.

You visited 1 branch of the dungeon, and saw 2 of its levels.

You collected 20 gold pieces.

Inventory:

Hand Weapons
 a - a +0 spear (weapon)
Armour
 b - a +0 leather armour (worn)
Jewellery
 h - a +1 ring of protection (left hand)
Scrolls
 e - a scroll of recharging {unknown}
 g - a scroll of enchant armour {unknown}
Potions
 i - a potion of flight {unknown}
Books
 c - a book of Battle

   Spells                             Type                      Level
   a - Infusion                       Charms                       1
   b - Shroud of Golubria             Charms/Translocation         2
   c - Song of Slaying                Charms                       2
   d - Spectral Weapon                Hexes/Charms                 3
   e - Regeneration                   Charms/Necromancy            3
Comestibles
 d - a bread ration
 f - a meat ration


   Skills:
 - Level 2.0 Fighting
 + Level 3.1 Polearms
 - Level 0.8 Armour
 - Level 0.8 Dodging
 - Level 2.0 Spellcasting
 - Level 2.6 Charms


You had 5 spell levels left.
You knew the following spells:

 Your Spells              Type           Power        Failure   Level  Hunger
a - Infusion              Chrm           #...         12%         1    ##.....


Dungeon Overview and Level Annotations

Branches:
Dungeon (2/15)

Altars:


Innate Abilities, Weirdness & Mutations

You are surrounded by a mild repulsion field (EV +2).


Message History

You are too injured to fight recklessly!
You are too injured to fight recklessly!
You are too injured to fight recklessly!
You are too injured to fight recklessly!
You are too injured to fight recklessly!
The goblin unwields an uncursed hunting sling.
The goblin wields an uncursed dagger.
The goblin barely misses you.
You hit the goblin but do no damage.
The goblin is moderately wounded.
The goblin completely misses you.
You hit the goblin.
You kill the goblin!
You have reached level 3!
Your experience leads to an increase in your attributes!
Increase (S)trength, (I)ntelligence, or (D)exterity?
You feel agile.
Items here: ( )) † an uncursed dagger; an uncursed hunting sling; 13 sling bullets a goblin corpse Are you sure you want to abandon this character and quit the game? (Confirm with "yes".)

.......>.....
............
#...........
#.8.....8...
.....?.....
...###......... #
......!g.......
..#######(.########
##..............@.#
...#.......###)#.##
...#...#....##)(.#
...†...#.#..######
..##.#.#....#####
....†#...#.......
..#####.##...### .
#........######
#....##..>....#


There were no monsters in sight!

Vanquished Creatures
  2 dart slugs (D:1)
  A giant gecko (D:1)
  A ball python (D:2)
  2 bats (D:2)
  2 giant cockroaches
  6 goblins
  2 hobgoblins
  2 giant newts (D:1)
  5 rats
23 creatures vanquished.

Notes
Turn   | Place    | Note
--------------------------------------------------------------
     0 | D:1      | jacquesderrida the Demonspawn Skald began the quest for the Orb.
     0 | D:1      | Reached XP level 1. HP: 16/16 MP: 3/3
   132 | D:1      | Reached skill level 2 in Polearms
   200 | D:1      | Gained mutation: You are surrounded by a mild repulsion field (EV +2). [demonic ancestry]
   200 | D:1      | Reached XP level 2. HP: 13/22 MP: 5/5
   448 | D:2      | Reached skill level 3 in Polearms
   475 | D:2      | Reached XP level 3. HP: 8/27 MP: 6/6
   477 | D:2      | Quit the game

Skill      XL: |  1  2 |
---------------+-------+-----
Polearms       | 2 3 |  3.1
Fighting       | |  2.0
Armour         | |  0.8
Dodging        | |  0.8
Spellcasting   | |  2.0
Charms         | |  2.6

Action                   || total
-------------------------++-------
Melee: Spear             ||    85
Armor: Leather armour    ||    18
Dodge: Dodged            ||    42
